Map: Thunderbird LE

Players

Ryu

  • Race: Zerg Zerg
  • Spawn Location: 5:00

Scarlett - Winner!

  • Race: Protoss Protoss
  • Spawn Location: 11:00

Event: NationWars 2019

VOD

Have the link to the VOD?

Description

Time

  • Played on: Nov. 15, 2019, 4:36 p.m.
  • Length: 16:24
Show
View Real Time Build Order
Export as new Build Order

Ryu Zerg 

Build Orders: Hatch First, Brood Lord Corruptor 

Get SALT Encoding   

  12  0:01  Drone  
  13  0:13  Overlord  
  13  0:17  Drone  
  14  0:31  Drone x2  
  16  0:50  Hatchery  
  16  0:52  Drone  
  16  0:54  Drone  
  17  0:57  Drone  
  17  1:02  Extractor  
  17  1:14  Spawning Pool  
  17  1:17  Drone  
  17  1:21  Drone  
  18  1:29  Drone  
  19  1:40  Drone  
  20  1:52  Overlord  
  20  2:02  Queen x2  
  20  2:04  Zergling x4  
  26  2:08  Metabolic Boost  
  26  2:13  Drone  
  26  2:14  Drone  
  28  2:22  Drone  
  29  2:25  Drone  
  30  2:38  Hatchery  
  30  2:43  Pneumatized Carapace  
  29  2:47  Drone  
  29  2:48  Drone  
  29  2:49  Drone  
  32  2:53  Overlord  
  32  2:59  Drone x2  
  35  3:05  Zergling x2  
  35  3:11  Queen  
  37  3:13  Drone  
  37  3:14  Drone  
  37  3:15  Drone  
  37  3:17  Drone  
  37  3:18  Drone  
  42  3:22  Zergling x2  
  42  3:24  Overlord  
  43  3:30  Drone, Overlord  
  44  3:38  Spore Crawler  
  44  3:39  Drone  
  43  3:41  Overlord  
  43  3:43  Spore Crawler  
  43  3:45  Drone  
  43  3:53  Zergling x4  
  43  3:55  Drone  
  43  3:56  Drone x3  
  43  4:02  Drone  
  48  4:06  Drone x2  
  48  4:08  Spore Crawler, Queen  
  51  4:15  Drone x2  
  53  4:19  Roach Warren  
  53  4:20  Drone x2  
  53  4:23  Overlord  
  54  4:29  Drone  
  54  4:30  Drone x4  
  57  4:34  Lair  
  57  4:37  Overlord  
  57  4:40  Drone  
  57  4:44  Drone x2  
  60  4:47  Evolution Chamber  
  60  4:50  Zergling x4  
  60  4:52  Drone x3  
  64  4:59  Extractor  
  63  5:01  Extractor  
  63  5:04  Drone x5  
  70  5:07  Roach x2  
  70  5:13  Roach, Evolution Chamber  
  72  5:15  Overlord x2  
  72  5:16  Evolution Chamber  
  72  5:18  Roach, Evolution Chamber  
  72  5:19  Evolution Chamber  
  70  5:22  Overlord x2  
  70  5:28  Overlord x2  
  70  5:31  Evolution Chamber  
  70  5:34  Roach, Overlord  
  70  5:35  Roach  
  71  5:40  Glial Reconstitution  
  71  5:41  Drone x4  
  76  5:43  Extractor x2  
  76  5:44  Evolution Chamber  
  76  5:47  Drone x2  
  75  5:51  Drone x3  
  75  5:52  Zerg Melee Weapons Level 1  
  75  5:53  Drone  
  79  6:00  Extractor  
  79  6:01  Drone x2  
  81  6:07  Baneling Nest  
  81  6:11  Drone x2  
  81  6:14  Overseer  
  81  6:18  Drone x3  
  85  6:20  Hatchery  
  85  6:23  Drone x5  
  85  6:24  Zerg Missile Weapons Level 1  
  89  6:28  Roach x2  
  93  6:36  Roach x3  
  93  6:38  Overseer  
  99  6:41  Overlord x2  
  100  6:47  Ravager x3  
  100  6:48  Roach x2  
  100  6:49  Zergling x6  
  100  6:50  Zergling x4  
  109  6:56  Roach x2  
  109  6:57  Queen  
  115  7:02  Centrifical Hooks  
  115  7:03  Drone x2  
  115  7:05  Drone x2  
  119  7:15  Drone x2  
  119  7:16  Drone x2  
  119  7:19  Drone x4  
  119  7:22  Overlord x3  
  127  7:27  Extractor  
  126  7:30  Spore Crawler  
  126  7:31  Extractor  
  126  7:32  Zergling x6  
  126  7:37  Drone  
  128  7:40  Zergling x10  
  133  7:44  Ravager x4  
  133  7:47  Baneling x3  
  133  7:48  Baneling  
  137  7:56  Spire, Zergling x2  
  137  7:57  Zergling x20  
  147  8:00  Baneling x15  
  147  8:15  Drone x2  
  147  8:18  Zergling x20  
  147  8:19  Infestation Pit  
  156  8:22  Zerg Missile Weapons Level 2  
  156  8:23  Zerg Melee Weapons Level 2  
  156  8:29  Zergling x2  
  156  8:30  Zergling x6  
  156  8:31  Baneling x9  
  160  8:36  Overlord x2  
  160  8:37  Overlord x2  
  158  8:45  Overlord  
  158  8:46  Overlord  
  155  8:58  Zergling x2  
  155  8:59  Zergling x22  
  154  9:03  Zergling x4  
  154  9:08  Zergling x4  
  154  9:09  Zergling x8  
  145  9:14  Hive  
  134  9:17  Infestation Pit  
  134  9:18  Roach x7  
  143  9:24  Baneling x12  
  143  9:28  Roach x2  
  146  9:31  Baneling x10  
  146  9:36  Ravager x2  
  145  9:39  Roach x4  
  153  9:46  Roach  
  153  9:47  Roach x4  
  153  9:52  Zergling x12  
  169  9:58  Overlord x2  
  168  10:10  Overlord x2  
  168  10:13  Zergling x4  
  168  10:14  Zergling x10  
  163  10:15  Ravager x2  
  163  10:17  Hatchery, Baneling x5  
  159  10:29  Greater Spire  
  159  10:31  Zergling x8  
  159  10:32  Zergling x10  
  167  10:38  Baneling x14  
  160  10:50  Roach x10  
  160  10:54  Zergling x6  
  170  11:08  Drone x2  
  168  11:11  Corruptor  
  168  11:12  Corruptor x2  
  168  11:17  Corruptor x3  
  178  11:21  Overlord  
  176  11:26  Spawning Pool  
  175  11:36  Drone x3  
  178  11:43  Corruptor, Brood Lord x3  
  186  11:52  Brood Lord x2  
  186  11:53  Brood Lord  
  190  12:03  Corruptor x2  
  183  12:21  Corruptor x3  
  189  12:29  Drone x5, Spine Crawler  
  193  12:30  Spine Crawler  
  193  12:34  Overseer x2  
  192  12:40  Zergling x14  
  198  12:55  Overseer  
  196  13:11  Zergling x12  
  199  13:13  Zerg Melee Weapons Level 3, Adrenal Glands  
  199  13:25  Baneling x3  
  199  13:26  Baneling x6  
  199  13:31  Brood Lord x5  
  179  13:44  Zergling x18  
  175  13:51  Queen x2  
  177  13:56  Roach x4  
  177  14:00  Corruptor x4  
  177  14:01  Hatchery  
  191  14:13  Corruptor x3  
  197  14:23  Corruptor  
  199  14:44  Extractor  
  198  14:47  Extractor  
  189  14:58  Corruptor x8  
  156  15:22  Brood Lord x2  
  156  15:26  Zergling x12  
  135  15:39  Zergling x18  
  128  15:47  Zergling x8  
  123  15:54  Roach x3  
  113  16:01  Roach x3  
Show
View Real Time Build Order
Export as new Build Order

Scarlett Protoss - Winner!

Build Orders: 1 Gate Expand, Oracle Opening, Phoenix Opening, Archon Immortal 

Get SALT Encoding   

  12  0:00  Probe  
  13  0:13  Probe  
  14  0:17  Pylon  
  14  0:25  Probe  
  14  0:27  Assimilator  
  15  0:37  Probe (Chrono Boost)  
  15  0:42  Gateway  
  16  0:49  Probe (Chrono Boost)  
  17  0:55  Probe (Chrono Boost)  
  18  1:03  Probe  
  19  1:15  Probe  
  20  1:23  Nexus  
  20  1:32  Cybernetics Core  
  20  1:36  Probe  
  21  1:41  Assimilator  
  21  1:48  Probe  
  21  1:50  Pylon  
  22  2:00  Probe  
  23  2:05  Adept (Chrono Boost)  
  23  2:12  Probe  
  23  2:14  Stargate  
  26  2:20  Warp Gate  
  26  2:24  Probe  
  26  2:28  Adept  
  29  2:36  Probe (Chrono Boost)  
  31  2:42  Probe (Chrono Boost)  
  31  2:46  Probe (Chrono Boost)  
  31  2:50  Probe (Chrono Boost)  
  31  2:51  Probe (Chrono Boost)  
  34  2:58  Adept  
  34  3:00  Phoenix (Chrono Boost), Probe  
  34  3:02  Probe  
  40  3:12  Probe  
  40  3:15  Oracle (Chrono Boost)  
  40  3:16  Probe  
  45  3:25  Probe  
  45  3:26  Pylon  
  46  3:32  Gateway  
  46  3:37  Gateway  
  46  3:42  Twilight Council  
  46  3:44  Probe x2  
  48  3:56  Probe x2  
  48  3:57  Pylon  
  48  4:00  Assimilator  
  48  4:02  Assimilator  
  50  4:08  Probe x2  
  52  4:11  Pylon  
  52  4:13  Adept, Resonating Glaives (Chrono Boost)  
  54  4:21  Probe x2  
  56  4:33  Adept, Probe x2  
  56  4:34  Adept x2  
  64  4:39  Pylon  
  64  4:44  Pylon  
  64  4:45  Probe x2  
  66  4:53  Nexus  
  66  4:54  Adept  
  66  4:55  Adept  
  66  4:59  Pylon  
  70  5:01  Probe  
  70  5:02  Probe  
  72  5:11  Robotics Facility  
  72  5:13  Probe  
  73  5:14  Probe  
  74  5:25  Probe  
  74  5:26  Probe  
  76  5:36  Sentry x3  
  76  5:38  Probe  
  76  5:39  Probe, Assimilator  
  84  5:43  Forge  
  84  5:50  Probe  
  84  5:51  Probe  
  84  5:56  Pylon  
  86  5:58  Pylon  
  86  5:59  Immortal (Chrono Boost)  
  86  6:01  Sentry x2  
  94  6:04  Probe x2  
  94  6:09  Probe  
  97  6:12  Protoss Ground Weapons Level 1 (Chrono Boost)  
  97  6:14  Gateway  
  97  6:16  Probe x2  
  97  6:17  Gateway  
  99  6:18  Gateway  
  99  6:21  Probe  
  99  6:25  Charge (Chrono Boost)  
  100  6:28  Probe x2, Assimilator  
  100  6:29  Observer (Chrono Boost)  
  103  6:33  Probe  
  103  6:37  Zealot x3  
  110  6:46  Probe x3, Warp Prism (Chrono Boost)  
  115  6:56  Templar Archives  
  115  6:58  Pylon  
  115  6:59  Pylon, Zealot  
  115  7:00  Robotics Facility  
  117  7:15  Immortal (Chrono Boost)  
  117  7:16  Gateway  
  117  7:18  Gateway  
  117  7:20  Gateway, Zealot x6  
  133  7:33  Pylon  
  133  7:35  Nexus  
  133  7:46  Immortal (Chrono Boost)  
  137  7:55  Psionic Storm  
  137  7:56  Immortal (Chrono Boost)  
  141  8:05  Pylon  
  141  8:06  Pylon  
  141  8:07  Pylon x2  
  141  8:08  Protoss Ground Weapons Level 2 (Chrono Boost)  
  141  8:23  Photon Cannon  
  141  8:24  Stalker x3  
  141  8:26  Stalker, Photon Cannon  
  149  8:38  High Templar x5, Immortal (Chrono Boost)  
  149  8:39  Immortal (Chrono Boost)  
  163  8:47  Photon Cannon  
  167  9:02  Zealot x4  
  124  9:10  Zealot  
  124  9:11  Zealot x4  
  126  9:27  Immortal  
  130  9:35  High Templar x7  
  130  9:38  Nexus  
  144  9:39  Archon x2  
  144  9:40  Archon  
  144  9:41  Archon  
  142  9:59  High Templar x2  
  146  10:00  Pylon  
  146  10:01  Pylon  
  146  10:03  Pylon  
  142  10:08  Zealot x4  
  142  10:09  Zealot  
  142  10:10  Zealot x2  
  141  10:17  Probe x3  
  144  10:29  Zealot x5  
  144  10:33  Photon Cannon  
  144  10:35  Photon Cannon  
  158  10:37  Zealot  
  158  10:38  Zealot x3  
  158  10:40  Immortal (Chrono Boost)  
  166  10:51  Immortal (Chrono Boost), Zealot x5  
  164  11:06  High Templar x4  
  166  11:12  Protoss Ground Weapons Level 3 (Chrono Boost)  
  166  11:16  Probe  
  166  11:17  Probe x2  
  157  11:29  Immortal (Chrono Boost)  
  165  11:33  Immortal (Chrono Boost)  
  165  11:37  Zealot x5  
  165  11:39  High Templar x2  
  179  11:42  High Templar x2  
  179  11:44  Archon  
  179  11:46  Archon  
  183  12:03  Zealot  
  183  12:04  Zealot x2  
  183  12:05  Zealot  
  188  12:14  Fleet Beacon  
  178  12:16  Stargate  
  178  12:18  Zealot x5  
  188  12:34  Photon Cannon  
  188  12:36  Oracle (Chrono Boost)  
  188  12:38  Protoss Air Weapons Level 1 (Chrono Boost)  
  188  12:39  Assimilator  
  188  12:42  Stargate  
  187  12:45  Assimilator  
  185  12:58  Tempest (Chrono Boost)  
  185  13:02  Tempest (Chrono Boost)  
  179  13:24  Nexus  
  179  13:29  Tempest (Chrono Boost)  
  179  13:31  Tempest (Chrono Boost)  
  178  13:35  Tempest (Chrono Boost)  
  176  14:01  Protoss Shields Level 1  
  176  14:02  Tempest (Chrono Boost)  
  172  14:04  Tempest (Chrono Boost)  
  172  14:09  Pylon  
  182  14:11  Tempest (Chrono Boost)  
  182  14:12  Photon Cannon  
  182  14:14  Pylon  
  182  14:15  Photon Cannon  
  187  14:17  Photon Cannon  
  187  14:19  Warp Prism  
  187  14:21  Blink (Chrono Boost)  
  189  14:27  Zealot  
  189  14:28  Zealot x2  
  195  14:31  Zealot x2  
  179  15:03  Zealot  
  179  15:04  Zealot x8  
  194  15:10  Tempest x3  
  181  15:33  Immortal x2  
  181  15:35  Archon  
  178  15:40  Zealot x3  
  172  15:57  Stalker x5  
  172  16:02  Stalker x4  
Tags
 
Add a new tag
Caveats
  • Supply blocks, unpowered buildings, or Contaminate may cause inaccurate times.
  • Supply counts are checked every 10 seconds.